 Dungeon Crawl Stone Soup version 0.23.2 (webtiles) character file.

Game seed: 14609021907713917095

18 Borgoz the Sneak (level 2, -2/25 HPs)
             Began as a Ghoul Assassin on Apr 4, 2019.
             Slain by a kobold
             ... wielding a +0 club
              (5 damage)
             ... on level 1 of the Dungeon.
             The game lasted 00:01:12 (105 turns).

Borgoz the Sneak (Ghoul Assassin)                    Turns: 105, Time: 00:01:13

Health: -2/25      AC:  3    Str: 14      XL:     2   Next: 66%
Magic:  1/1        EV: 11    Int:  4 (6)  God:
Gold:   19         SH:  0    Dex:  8 (10) Spells: 1/1 levels left

rFire    . . .     SeeInvis .   b - +0 blowgun
rCold    + . .     Gourm    .   (no shield)
rNeg     + + +     Faith    .   c - +0 robe
rPois    ∞         Spirit   .   (no helmet)
rElec    .         Reflect  .   d - +0 cloak
rCorr    .         Harm     .   (no gloves)
MR       .....                  (no boots)
Stlth    ++........             (no amulet)
HPRegen  0.00/turn              (no ring)
MPRegen  0.07/turn              (no ring)

@: rotting
A: rotting body, claws 1, carnivore, cold resistance 1, negative energy
resistance 3, inhibited regeneration, torment resistance, unbreathing
a: no special abilities


You were on level 1 of the Dungeon.
You were not hungry.

You visited 1 branch of the dungeon, and saw 1 of its levels.

You collected 19 gold pieces.

Inventory:

Hand Weapons
 a - a +2 dagger
 b - a +0 blowgun (weapon)
Missiles
 e - 6 poisoned needles (quivered)
 f - 2 curare-tipped needles
Armour
 c - a +0 robe (worn)
 d - a +0 cloak (worn)
Comestibles
 g - a ration


   Skills:
 + Level 2.3 Fighting
 + Level 1.9 Short Blades
 + Level 1.9 Throwing
 * Level 0.8 Armour
 * Level 1.3 Dodging
 + Level 4.5 Stealth


You had one spell level left.
You didn't know any spells.
Your spell library was empty.

Dungeon Overview and Level Annotations

Branches:
Dungeon (1/15)

Altars:


Innate Abilities, Weirdness & Mutations

Your body is rotting away.
You thrive on raw meat.
You are immune to poison.
You have sharp fingernails.
You are carnivorous and can eat meat at any time.
Your flesh is cold resistant. (rC+)
You are immune to negative energy. (rN+++)
You do not regenerate when monsters are visible.
You are immune to unholy pain and torment.
You can survive without breathing.


Message History

You kill the kobold!
Things that are here:
a +0 short sword; a +0 club There isn't anything to butcher here.
You start resting.
The kobold is too close now for your liking.
The kobold shouts!
You hear a shout!
b - a +0 blowgun (weapon)
Firing (i - inventory. (/) - cycle)
e - 8 poisoned needles (quivered)
Press: ? - help, Shift-Dir - straight line, f - kobold
Aim: a kobold, wielding a +0 club You shoot a poisoned needle.
The poisoned needle closely misses the kobold.
Firing (i - inventory. (/) - cycle)
e - 7 poisoned needles (quivered)
Press: ? - help, Shift-Dir - straight line, f/p - kobold
Aim: a kobold, wielding a +0 club You shoot a poisoned needle.
The poisoned needle barely misses the kobold.
The kobold hits you with a +0 club.
You die...

#.## #.# .######..# #.#
.........# #.# .........# #.#
.........###.# .K).......##.#
###### ..........##)# #....#
# #####
..........##.#####...÷#
##.#.#.#
...........#(.)K@.....#
#.#.#.#.
.........#)#g####.....#
##.#.≈≈≈ .........#.#†#
#.###.# #.#.#≈.<
......K..#..K# #.# #.#
##.#.≈.. #####..!.##..# #.#
#.####.#.#≈.. #.h.h#..... #.#
#...###.#.≈≈≈
#....#.#...##.###...##.#.#.#.
#..>.........(...#.#.#.#
#.#...##...#...#........


You could see a goblin and a kobold.

Vanquished Creatures
  A gnoll (D:1)
  A goblin (D:1)
  A hobgoblin (D:1)
  2 jackals (D:1)
  A kobold (D:1)
  A bat (D:1)
  A rat (D:1)
8 creatures vanquished.

Notes
Turn   | Place    | Note
-------+----------+-------------------------------------------
     0 | D:1      | Borgoz the Ghoul Assassin began the quest for the Orb.
     0 | D:1      | Reached XP level 1. HP: 17/17 MP: 0/0
    50 | D:1      | Reached skill level 1 in Dodging
    50 | D:1      | Reached XP level 2. HP: 12/24 MP: 1/1
   105 | D:1      | Slain by a kobold

Skill      XL: |  1 |
---------------+----+-----
Dodging        | 1 |  1.3
Fighting       | |  2.3
Short Blades   | |  1.9
Throwing       | |  1.9
Armour         | |  0.8
Stealth        | |  4.5

Action                   || total
-------------------------++-------
Melee: Dagger            ||    23
 Fire: Blowgun           ||     2
  Use: Potion            ||     1
 Stab: Sleeping          ||     1
  Eat: Chunk             ||     1
Armor: Robe              ||     2
Dodge: Dodged            ||    16
